PIO (24 & UNDER)
SEATTLE RAINIERS @ COLORADO COMMANDERS
09/25/2025
 
TOP OF THE 1ST
Seattle Rainiers batting - Pitching for Colorado Commanders : RHP Eddie Huber
Pitching: RHP Eddie Huber
Batting: RHB Enrique Mendoza 0-0: Called Strike
0-1: Bunted foul
0-2: Ball
1-2: Ball
2-2: Foul Ball, location: 2F
2-2: Foul Ball, location: 2F
2-2: Strikes out swinging
Batting: RHB Robert Marks 0-0: SINGLE (Flyball, 8RS)
Batting: LHB Alan Moore 0-0: Ball
1-0: Fly out, F6 (Popup, 6MD)
Batting: RHB Jeremiah Soto 0-0: Ball
1-0: Ball
2-0: Ball
3-0: Called Strike
3-1: SINGLE (Line Drive, 6M)
Robert Marks to second
Runner from 2nd tries for 3rd, OUT!
Top of the 1st over - 0 run(s), 2 hit(s), 0 error(s), 1 left on base; Seattle 0 - Colorado 0
BOTTOM OF THE 1ST
Colorado Commanders batting - Pitching for Seattle Rainiers : RHP Jimmy Banks
Pitching: RHP Jimmy Banks
Batting: RHB Alberto Soto 0-0: Foul Ball, location: 2F
0-1: Ball
1-1: Ball
2-1: Ground out 4-3 (Groundball, 4)
Batting: LHB Michael Barrett 0-0: Hit by Pitch
Batting: RHB Mike Martin 0-0: Called Strike
0-1: Ball
1-1: Ball
2-1: Foul Ball, location: 2F
2-2: SINGLE (Groundball, 13) (infield hit)
Michael Barrett to second
Batting: SHB Theodore Cook 0-0: Ball
1-0: Ball
2-0: Swinging Strike
2-1: Foul Ball, location: 2F
2-2: Foul Ball, location: 2F
2-2: Strikes out swinging
Batting: RHB Carlos Hernández 0-0: Ball
1-0: Called Strike
1-1: Ball
2-1: Foul Ball, location: 2F
2-2: Ball
3-2: SINGLE (Line Drive, 78M)
Michael Barrett to third
Mike Martin to second
Michael Barrett scores
Mike Martin to third
Batting: LHB Javier Martínez 0-0: Foul Ball, location: 2F
0-1: Called Strike
0-2: Foul Ball, location: 2F
0-2: Ball
1-2: Foul Ball, location: 2F
1-2: SINGLE (Groundball, 34)
Mike Martin scores
Carlos Hernández to second
Runner from 2nd tries for 3rd, SAFE, throw made to third
Batting: RHB Frank Martínez 0-0: Called Strike
0-1: Called Strike
0-2: Ball
1-2: Strikes out swinging
Bottom of the 1st over - 2 run(s), 3 hit(s), 0 error(s), 2 left on base; Seattle 0 - Colorado 2
TOP OF THE 2ND
Seattle Rainiers batting - Pitching for Colorado Commanders : RHP Eddie Huber
Batting: RHB John Hill 0-0: Ground out 4-3 (Groundball, 4)
Batting: RHB Alfredo Farías 0-0: Ball
1-0: Swinging Strike
1-1: SINGLE (Flyball, 78M)
Batting: RHB Casey Fox 0-0: Ball
1-0: Ball
2-0: Called Strike
2-1: Called Strike
Alfredo Farías is caught stealing 2nd base
2-2: Fly out, F7 (Flyball, 7S)
Top of the 2nd over - 0 run(s), 1 hit(s), 0 error(s), 0 left on base; Seattle 0 - Colorado 2
BOTTOM OF THE 2ND
Colorado Commanders batting - Pitching for Seattle Rainiers : RHP Jimmy Banks
Batting: RHB Rafael López 0-0: Ground out 5-3 (Groundball, 56)
Batting: RHB Samuel Pasolini 0-0: Ball
1-0: Reached on error, E5 (Groundball, 56)
Batting: RHB Alberto Soto 0-0: Ball
1-0: Foul Ball, location: 2F
1-1: Ball
2-1: Fly out, F9 (Line Drive, 9M)
Batting: LHB Michael Barrett 0-0: Called Strike
0-1: Called Strike
0-2: Ball
1-2: Ground out 4-3 (Groundball, 4)
Bottom of the 2nd over - 0 run(s), 0 hit(s), 1 error(s), 1 left on base; Seattle 0 - Colorado 2
TOP OF THE 3RD
Seattle Rainiers batting - Pitching for Colorado Commanders : RHP Eddie Huber
Batting: RHB Tony Hernández 0-0: Called Strike
0-1: Ball
1-1: Fly out, F8 (Flyball, 8RS)
Batting: LHB Miguel García 0-0: Called Strike
0-1: Called Strike
0-2: Strikes out swinging
Batting: RHB Enrique Mendoza 0-0: Foul Ball, location: 2F
0-1: Ball
1-1: Foul Ball, location: 2F
1-2: Ground out 6-3 (Groundball, 6M)
Top of the 3rd over - 0 run(s), 0 hit(s), 0 error(s), 0 left on base; Seattle 0 - Colorado 2
BOTTOM OF THE 3RD
Colorado Commanders batting - Pitching for Seattle Rainiers : RHP Jimmy Banks
Batting: RHB Mike Martin 0-0: Called Strike
0-1: Swinging Strike
0-2: Ball
1-2: Strikes out looking
Batting: SHB Theodore Cook 0-0: Fly out, F7 (Flyball, 7LS)
Batting: RHB Carlos Hernández 0-0: Ball
1-0: Hit by Pitch
Batting: LHB Javier Martínez 0-0: Ball
1-0: Ball
2-0: Called Strike
2-1: Ball
3-1: Base on Balls
Carlos Hernández to second
Batting: RHB Frank Martínez 0-0: Called Strike
0-1: Swinging Strike
0-2: Strikes out swinging
Bottom of the 3rd over - 0 run(s), 0 hit(s), 0 error(s), 2 left on base; Seattle 0 - Colorado 2
TOP OF THE 4TH
Seattle Rainiers batting - Pitching for Colorado Commanders : RHP Eddie Huber
Batting: RHB Robert Marks 0-0: Foul Ball, location: 2F
0-1: Called Strike
0-2: Foul Ball, location: 2F
0-2: Ground out 6-3 (Groundball, 56)
Batting: LHB Alan Moore 0-0: Ball
1-0: Ball
2-0: Swinging Strike
2-1: Swinging Strike
2-2: Strikes out looking
Batting: RHB Jeremiah Soto 0-0: Called Strike
0-1: Ball
1-1: Fly out, F5 (Line Drive, 5)
Top of the 4th over - 0 run(s), 0 hit(s), 0 error(s), 0 left on base; Seattle 0 - Colorado 2
BOTTOM OF THE 4TH
Colorado Commanders batting - Pitching for Seattle Rainiers : RHP Jimmy Banks
Batting: RHB Rafael López 0-0: Bunted foul
0-1: Ball
1-1: Ground out 6-3 (Groundball, 6M)
Batting: RHB Samuel Pasolini 0-0: Ground out 5-3 (Groundball, 5)
Batting: RHB Alberto Soto 0-0: Ball
1-0: Ball
2-0: Ball
3-0: Base on Balls
Batting: LHB Michael Barrett 0-0: Called Strike
0-1: SINGLE (Groundball, 6MD)
Alberto Soto to second
Batting: RHB Mike Martin 0-0: Ball
1-0: Called Strike
1-1: Ground out 5-3 (Groundball, 5S)
Bottom of the 4th over - 0 run(s), 1 hit(s), 0 error(s), 2 left on base; Seattle 0 - Colorado 2
TOP OF THE 5TH
Seattle Rainiers batting - Pitching for Colorado Commanders : RHP Eddie Huber
Batting: RHB John Hill 0-0: Ball
1-0: Called Strike
1-1: Called Strike
1-2: Foul Ball, location: 2F
1-2: DOUBLE (Line Drive, 9LS)
Batting: RHB Alfredo Farías 0-0: Ball
1-0: Ball
2-0: Foul Ball, location: 2F
2-1: SINGLE (Flyball, 89S)
John Hill to third
Batting: RHB Casey Fox 0-0: Foul Ball, location: 2F
0-1: SINGLE (Popup, 4D)
John Hill scores
Alfredo Farías to second
Runner from 2nd tries for 3rd, SAFE, throw made to third
Casey Fox to second
Batting: RHB Tony Hernández 0-0: SINGLE (Line Drive, 56)
Alfredo Farías scores
Casey Fox to third
Batting: LHB Miguel García 0-0: Ball
1-0: Foul Ball, location: 2F
1-1: TRIPLE (Flyball, 9LM)
Casey Fox scores
Tony Hernández scores
Batting: RHB Enrique Mendoza 0-0: Ball
1-0: SINGLE (Groundball, 56D)
Miguel García scores
Batting: RHB Robert Marks 0-0: Called Strike
0-1: SINGLE (Groundball, 34D)
Enrique Mendoza to second
Runner from 2nd tries for 3rd, SAFE, no throw or cutoff
Batting: LHB Alan Moore 0-0: Ball
1-0: Ball
2-0: Fly out, F7 (Flyball, 7M)
Runner from 3rd tags up, SCORES, no throw
Batting: RHB Jeremiah Soto 0-0: Called Strike
0-1: Ball
1-1: Ball
2-1: Foul Ball, location: 2F
2-2: Foul Ball, location: 2F
2-2: Ball
3-2: Strikes out swinging
Batting: RHB John Hill 0-0: Called Strike
0-1: Ball
1-1: Ball
2-1: Foul Ball, location: 2F
2-2: Ball
3-2: Base on Balls
Robert Marks to second
Batting: RHB Alfredo Farías 0-0: Ball
1-0: Called Strike
1-1: Called Strike
1-2: SINGLE (Groundball, 4D)
Robert Marks to third
John Hill to second
Runner from 3rd tries for Home, throw and OUT!
Top of the 5th over - 6 run(s), 8 hit(s), 0 error(s), 2 left on base; Seattle 6 - Colorado 2
BOTTOM OF THE 5TH
Colorado Commanders batting - Pitching for Seattle Rainiers : RHP Jimmy Banks
Batting: SHB Theodore Cook 0-0: SINGLE (Groundball, 6MD)
Batting: RHB Carlos Hernández 0-0: Called Strike
0-1: Ball
1-1: Ball
2-1: Swinging Strike
2-2: Strikes out swinging
Batting: LHB Javier Martínez 0-0: Ball
1-0: Fly out, F7 (Line Drive, 78M)
Batting: RHB Frank Martínez 0-0: Ball
1-0: SINGLE (Groundball, 6MD)
Theodore Cook to second
Runner from 2nd tries for 3rd, SAFE, no throw or cutoff
Batting: RHB Rafael López 0-0: Called Strike
0-1: Ball
1-1: Foul Ball, location: 2F
1-2: Ball
Reached via error on a dropped throw, E4
Theodore Cook scores
Frank Martínez to second
Pitching: RHP Lúcio Feliciano
Batting: RHB Samuel Pasolini 0-0: Ball
1-0: Swinging Strike
1-1: Foul Ball, location: 2F
1-2: Ball
2-2: Strikes out swinging
Bottom of the 5th over - 1 run(s), 2 hit(s), 1 error(s), 2 left on base; Seattle 6 - Colorado 3
TOP OF THE 6TH
Seattle Rainiers batting - Pitching for Colorado Commanders : RHP Eddie Huber
Pitching: LHP Bernardo Dodson
Batting: RHB Casey Fox 0-0: Swinging Strike
0-1: DOUBLE (Line Drive, 5L)
Batting: RHB Tony Hernández 0-0: Intentional Walk
Batting: LHB Miguel García 0-0: Ball
1-0: Fielders Choice at 2nd, 1-6 (Groundball, 23)
Casey Fox to third
Batting: RHB Enrique Mendoza 0-0: Ball
1-0: Called Strike
1-1: Ball
2-1: Fly out, F4 (Popup, 4D)
Batting: RHB Robert Marks 0-0: Ball
1-0: Ball
2-0: Called Strike
2-1: Ball
3-1: Base on Balls
Miguel García to second
Batting: LHB Alan Moore 0-0: Ball
1-0: Swinging Strike
1-1: SINGLE (Line Drive, 89S)
Casey Fox scores
Miguel García to third
Robert Marks to second
Runner from 3rd tries for Home, SAFE, no throw or cutoff
Pitching: LHP Manuel Reyes
Batting: RHB Jeremiah Soto 0-0: Ball
1-0: Fielders Choice at 2nd, 6-4 (Groundball, 6)
Top of the 6th over - 2 run(s), 2 hit(s), 0 error(s), 1 left on base; Seattle 8 - Colorado 3
BOTTOM OF THE 6TH
Colorado Commanders batting - Pitching for Seattle Rainiers : RHP Lúcio Feliciano
Batting: RHB Alberto Soto 0-0: Called Strike
0-1: Swinging Strike
0-2: Foul Ball, location: 2F
0-2: Ball
1-2: Strikes out looking
Batting: LHB Michael Barrett 0-0: Swinging Strike
0-1: Ball
1-1: Foul Ball, location: 2F
1-2: Foul Ball, location: 2F
1-2: Strikes out looking
Batting: RHB Mike Martin 0-0: Ball
1-0: Ball
2-0: SINGLE (Groundball, 56D)
Batting: SHB Theodore Cook 0-0: Ball
1-0: Ball
2-0: Foul Ball, location: 2F
2-1: Foul Ball, location: 2F
2-2: Ball
3-2: Base on Balls
Mike Martin to second
Batting: RHB Carlos Hernández 0-0: Ball
1-0: Ball
2-0: SINGLE (Groundball, 6MD)
Mike Martin to third
Theodore Cook to second
Runner from 3rd tries for Home, SAFE, no throw or cutoff
Batting: LHB Javier Martínez 0-0: Ball
1-0: Ball
2-0: Fly out, F8 (Flyball, 8RM)
Bottom of the 6th over - 1 run(s), 2 hit(s), 0 error(s), 2 left on base; Seattle 8 - Colorado 4
TOP OF THE 7TH
Seattle Rainiers batting - Pitching for Colorado Commanders : LHP Manuel Reyes
Batting: RHB John Hill 0-0: Called Strike
0-1: Ground out 1-3 (Groundball, 34S)
Batting: RHB Alfredo Farías 0-0: Ball
1-0: Swinging Strike
1-1: Ball
2-1: Ball
3-1: Foul Ball, location: 2F
3-2: Ground out 4-3 (Groundball, 4)
Batting: RHB Casey Fox 0-0: Called Strike
0-1: SINGLE (Line Drive, 5D)
Batting: RHB Tony Hernández 0-0: Called Strike
Casey Fox steals 2nd base
0-1: SINGLE (Line Drive, 89S)
Casey Fox to third
Runner from 3rd tries for Home, SAFE, no throw or cutoff
Batting: LHB Miguel García 0-0: Called Strike
0-1: Ball
1-1: Swinging Strike
1-2: Ball
2-2: Strikes out swinging
Top of the 7th over - 1 run(s), 2 hit(s), 0 error(s), 1 left on base; Seattle 9 - Colorado 4
BOTTOM OF THE 7TH
Colorado Commanders batting - Pitching for Seattle Rainiers : RHP Lúcio Feliciano
Batting: RHB Frank Martínez 0-0: Ball
1-0: Called Strike
1-1: Foul Ball, location: 2F
1-2: Ball
2-2: Ball
3-2: Foul Ball, location: 2F
3-2: Base on Balls
Pitching: LHP Vicente Mojica
Batting: RHB Rafael López 0-0: Foul Ball, location: 2F
0-1: Ball
1-1: Ball
2-1: Ball
3-1: Foul Ball, location: 2F
3-2: DOUBLE (Line Drive, 3D)
Frank Martínez to third
Batting: RHB Samuel Pasolini 0-0: Ball
1-0: SINGLE (Line Drive, 6D)
Frank Martínez scores
Rafael López to third
Batting: RHB Alberto Soto 0-0: Grounds into double play, U4-3 (Groundball, 4)
Rafael López scores
Batting: LHB Michael Barrett 0-0: Swinging Strike
0-1: SINGLE (Line Drive, 4MD)
Batting: RHB Mike Martin 0-0: Ball
1-0: Called Strike
1-1: Swinging Strike
1-2: SINGLE (Line Drive, 78S)
Michael Barrett to second
Batting: SHB Theodore Cook 0-0: Ball
1-0: Ball
2-0: Called Strike
2-1: Called Strike
2-2: Foul Ball, location: 2F
2-2: Ball
3-2: Base on Balls
Michael Barrett to third
Mike Martin to second
Batting: RHB Carlos Hernández 0-0: Called Strike
0-1: Ball
1-1: Ball
2-1: DOUBLE (Line Drive, 7LS)
Michael Barrett scores
Mike Martin scores
Theodore Cook to third
Pitching: RHP Nick Clark
Batting: LHB Javier Martínez 0-0: Ball
1-0: Foul Ball, location: 2F
1-1: Swinging Strike
1-2: Strikes out swinging
Bottom of the 7th over - 4 run(s), 5 hit(s), 0 error(s), 2 left on base; Seattle 9 - Colorado 8
TOP OF THE 8TH
Seattle Rainiers batting - Pitching for Colorado Commanders : LHP Manuel Reyes
Batting: RHB Enrique Mendoza 0-0: Ball
1-0: SINGLE (Flyball, 4MD)
Batting: RHB Robert Marks 0-0: Ball
1-0: Called Strike
1-1: DOUBLE (Flyball, 8LM)
Enrique Mendoza to third
Pinch Hitting: SHB Nick Cox 0-0: Intentional Walk
Batting: RHB Jeremiah Soto 0-0: Called Strike
0-1: Ball
1-1: Swinging Strike
1-2: Foul Ball, location: 2F
1-2: Foul Ball, location: 2F
1-2: Foul Ball, location: 2F
1-2: Strikes out swinging
Batting: RHB John Hill 0-0: Swinging Strike
0-1: Foul Ball, location: 2F
0-2: Strikes out swinging
Batting: RHB Alfredo Farías 0-0: Ball
1-0: Called Strike
1-1: Ball
2-1: Swinging Strike
2-2: Hit by Pitch
Enrique Mendoza scores
Robert Marks to third
Nick Cox to second
Pitching: RHP José Deleón
Batting: RHB Casey Fox 0-0: Ball
1-0: SINGLE (Line Drive, 6MD)
Robert Marks scores
Nick Cox to third
Alfredo Farías to second
Runner from 3rd tries for Home, SAFE, no throw or cutoff
Batting: RHB Tony Hernández 0-0: Ball
1-0: DOUBLE (Line Drive, 78M)
Alfredo Farías scores
Casey Fox to third
Runner from 3rd tries for Home, throw and OUT!
Top of the 8th over - 4 run(s), 4 hit(s), 0 error(s), 1 left on base; Seattle 13 - Colorado 8
BOTTOM OF THE 8TH
Colorado Commanders batting - Pitching for Seattle Rainiers : RHP Nick Clark
Now at 1B: Rich Crabtree
Batting: RHB Frank Martínez 0-0: Ground out 4-3 (Groundball, 34)
Batting: RHB Rafael López 0-0: Ball
1-0: Swinging Strike
1-1: Ball
2-1: Called Strike
2-2: Strikes out looking
Batting: RHB Samuel Pasolini 0-0: Called Strike
0-1: Ball
1-1: Ground out 6-3 (Groundball, 6)
Bottom of the 8th over - 0 run(s), 0 hit(s), 0 error(s), 0 left on base; Seattle 13 - Colorado 8
TOP OF THE 9TH
Seattle Rainiers batting - Pitching for Colorado Commanders : RHP José Deleón
Batting: LHB Miguel García 0-0: Called Strike
0-1: Ball
1-1: Foul Ball, location: 2F
1-2: Ground out 1-3 (Groundball, 13S)
Batting: RHB Enrique Mendoza 0-0: Called Strike
0-1: Ball
1-1: Ball
2-1: Foul Ball, location: 2F
2-2: Ball
3-2: Foul Ball, location: 2F
3-2: Foul Ball, location: 2F
3-2: Fly out, F8 (Flyball, 8RS)
Batting: RHB Robert Marks 0-0: Ball
1-0: Ball
2-0: Called Strike
2-1: Swinging Strike
2-2: Foul Ball, location: 2F
2-2: Foul Ball, location: 2F
2-2: Ball
3-2: Foul Ball, location: 2F
3-2: Fly out, F9 (Flyball, 89S)
Top of the 9th over - 0 run(s), 0 hit(s), 0 error(s), 0 left on base; Seattle 13 - Colorado 8
BOTTOM OF THE 9TH
Colorado Commanders batting - Pitching for Seattle Rainiers : RHP Nick Clark
Batting: RHB Alberto Soto 0-0: Ball
1-0: Swinging Strike
1-1: Foul Ball, location: 2F
1-2: Ball
2-2: SINGLE (Line Drive, 56)
Batting: LHB Michael Barrett 0-0: SINGLE (Groundball, 56D)
Alberto Soto to second
Batting: RHB Mike Martin 0-0: Called Strike
0-1: Ball
1-1: Swinging Strike
1-2: Fly out, F7 (Flyball, 78S)
Batting: SHB Theodore Cook 0-0: Called Strike
0-1: Ball
1-1: Foul Ball, location: 2F
1-2: Strikes out looking
Batting: RHB Carlos Hernández 0-0: Called Strike
0-1: Fly out, F3 (Line Drive, 34)
Bottom of the 9th over - 0 run(s), 2 hit(s), 0 error(s), 2 left on base; Seattle 13 - Colorado 8
This league is powered by Out of the Park Baseball, the baseball management simulation game for PC, Mac and Linux
Tuesday, August 2nd, 2016 - OOTP Baseball 16.8 Build 38